[Event "Titled Tuesday Blitz October 26 2021"]
[White "Khoroshev, Nikita"]
[Black "Kamsky, Gata"]
[WhiteFideId "14200287"]
[BlackFideId "2000024"]
[WhiteElo "2376"]
[BlackElo "2603"]
[Result "0-1"]
[Round "05"]
[TimeControl "180+1"]
[Date "2021.10.26"]
[WhiteClock "0:00:09"]
[BlackClock "0:00:10"]

1. Nf3 Nf6 2. d4 g6 3. c4 Bg7 4. Nc3 b6 5. h4 Bb7 6. Bg5 d6 7. Bxf6 Bxf6 8. h5 e6 9. e3 Nd7 10. Bd3 Bg7 11. Qc2 Nf6 12. h6 Bf8 13. O-O-O Be7 14. Ne4 Ng4 15. Qe2 f5 16. Ng3 O-O 17. Kb1 Kh8 18. e4 Bf6 19. d5 f4 20. Nf1 Qe7 21. Qc2 a5 22. N1h2 Nxh2 23. Rxh2 a4 24. e5 dxe5 25. Be4 a3 26. b3 Rad8 27. Rhh1 Bc8 28. Rhe1 Bg5 29. Qc3 Bf6 30. Re2 exd5 31. cxd5 Bg4 32. Rc1 Rd7 33. Qc6 Bg5 34. Rec2 Bxh6 35. Rh1 Kg7 36. Qc3 Bxf3 37. gxf3 Bg5 38. Rcc1 h5 39. Rcg1 Kh6 40. Qd2 Rd6 41. Rg2 Rg8 42. Rhg1 Bh4 43. Qc2 g5 44. Rh1 Rg7 45. Rgh2 Qf6 46. Bf5 Rxd5 47. Be4 Rd6 48. Qc4 Rd2 49. Qc3 Rb2+ 50. Ka1 Qd6 51. Rc1 Rd2 52. Rg2 Qd4 53. Qxd4 Rxd4 54. Rc6+ Rd6 55. Kb1 Rd7 56. Rc1 Rd2 57. Rc6+ R2d6 58. Rc1 Rd1 59. Rxd1 Rxd1+ 60. Kc2 Rf1 61. Kd3 Rxf2 62. Rg1 Rxa2 63. Kc4 Rb2 64. Kc3 Bf2 65. Rd1 Bd4+ 66. Kc4 a2 67. Kd5 g4 68. fxg4 hxg4 69. Ke6 Kg5 70. Rh1 f3 71. Rh8 Kf4 72. Bd5 Ke3 73. Rf8 a1=Q 74. Bc4 Qa3 75. Rf7 Qd6+ 76. Kf5 g3 77. Kg5 g2 78. Kf5 g1=Q 0-1


[Site "https://www.chess.com"]

[Event "Titled Tuesday Blitz October 26 2021"]
[White "King, Alexander"]
[Black "Sonis, Francesco"]
[WhiteFideId "2063620"]
[BlackFideId "895733"]
[WhiteElo "2306"]
[BlackElo "2373"]
[Result "0-1"]
[Round "05"]
[TimeControl "180+1"]
[Date "2021.10.26"]
[WhiteClock "0:00:01"]
[BlackClock "0:00:18"]

1. d4 Nc6 2. d5 Nb8 3. e4 d6 4. Nf3 g6 5. c4 Bg7 6. Bd3 Nf6 7. h3 c6 8. O-O O-O 9. Nc3 Nbd7 10. Re1 Nc5 11. Bc2 a5 12. Rb1 e5 13. dxe6 Bxe6 14. b3 a4 15. Bf4 axb3 16. axb3 Ne8 17. e5 dxe5 18. Nxe5 Nf6 19. Be3 Nfd7 20. Nxd7 Nxd7 21. Ne4 Nf6 22. Qxd8 Rfxd8 23. Nc5 Bc8 24. Rbd1 Re8 25. Bg5 Rxe1+ 26. Rxe1 b6 27. Ne4 Nxe4 28. Bxe4 Bd7 29. Rd1 Be8 30. Rd8 Rxd8 31. Bxd8 Bd4 32. Kf1 f6 33. Ke2 Kf7 34. Bc7 Ke6 35. Bf4 f5 36. Bc2 c5 37. f3 Bc6 38. Bd3 Kd7 39. Bc2 Bf6 40. g4 fxg4 41. hxg4 b5 42. Bd3 b4 43. Bc2 Bd4 44. Bg5 Ke6 45. Bh6 Kf7 46. Bf4 h5 47. gxh5 gxh5 48. Bf5 Kf6 49. Bc8 Be8 50. Bd6 Bg6 51. Bc7 Bc2 52. Bd8+ Kf7 53. Bf5 Bxf5 0-1


[Site "https://www.chess.com"]

[Event "Titled Tuesday Blitz October 26 2021"]
[White "Kobalia, Mikhail"]
[Black "Kovalchuk, Alexey"]
[WhiteFideId "4119150"]
[BlackFideId "24154385"]
[WhiteElo "2590"]
[BlackElo "2287"]
[Result "1-0"]
[Round "05"]
[TimeControl "180+1"]
[Date "2021.10.26"]
[WhiteClock "0:00:14"]
[BlackClock "0:00:01"]

1. e4 e5 2. Nf3 Nf6 3. d3 Nc6 4. g3 Bc5 5. Bg2 d6 6. O-O O-O 7. c3 a6 8. h3 Ba7 9. Kh2 Ne7 10. Nh4 Ng6 11. Nxg6 hxg6 12. Nd2 c6 13. Nf3 Re8 14. Bg5 Qc7 15. Bxf6 gxf6 16. Nh4 Kg7 17. f4 Rh8 18. Qf3 Qe7 19. Qe2 Bd7 20. Rf3 Raf8 21. Raf1 Bb8 22. d4 exf4 23. Rxf4 d5 24. Rg4 Re8 25. e5 fxe5 26. Nf5+ Bxf5 27. Rxf5 exd4 28. Qd3 Qe6 29. Qxd4+ Be5 30. Qf2 Re7 31. Rgg5 Qd6 32. c4 dxc4 33. Rf3 1-0


[Site "https://www.chess.com"]

[Event "Titled Tuesday Blitz October 26 2021"]
[White "Krivonosov, Oleg"]
[Black "Beerdsen, Thomas"]
[WhiteFideId "11600349"]
[BlackFideId "1030108"]
[WhiteElo "2469"]
[BlackElo "2585"]
[Result "0-1"]
[Round "05"]
[TimeControl "180+1"]
[Date "2021.10.26"]
[WhiteClock "0:02:20"]
[BlackClock "0:02:32"]

1. Nf3 h6 2. d4 g5 3. h3 Bg7 4. c4 d6 5. Nc3 a6 6. e4 c5 7. dxc5 dxc5 8. Qxd8+ Kxd8 9. Be3 Nd7 10. O-O-O Bxc3 11. bxc3 Nf6 12. e5 Ne4 13. Bxc5 Nxc5 0-1


[Site "https://www.chess.com"]

[Event "Titled Tuesday Blitz October 26 2021"]
[White "Le, Tuan Minh"]
[Black "Srihari L R"]
[WhiteFideId "12401153"]
[BlackFideId "46617116"]
[WhiteElo "2450"]
[BlackElo "2121"]
[Result "1-0"]
[Round "05"]
[TimeControl "180+1"]
[Date "2021.10.26"]
[WhiteClock "0:00:18"]
[BlackClock "0:00:04"]

1. d4 Nf6 2. Nf3 g6 3. Bg5 Bg7 4. Nbd2 O-O 5. c3 c5 6. e3 cxd4 7. cxd4 d5 8. Bd3 Bf5 9. Bxf5 gxf5 10. O-O Ne4 11. Bf4 Nc6 12. Qb3 Na5 13. Qa4 a6 14. Rfc1 b5 15. Qd1 Nc4 16. b3 Ncxd2 17. Nxd2 Rc8 18. Rxc8 Qxc8 19. Nxe4 fxe4 20. Rc1 Qf5 21. Qc2 Bxd4 22. Qc6 Bf6 23. Rc5 Rd8 24. h3 Qe6 25. Qc7 Ra8 26. Qb7 Rd8 27. Rc6 Qd7 28. Qxa6 d4 29. exd4 Qxd4 30. Qxb5 Qa1+ 31. Rc1 Rd1+ 32. Rxd1 Qxd1+ 33. Kh2 Qc2 34. Bh6 Qc7+ 35. Kg1 Qd8 36. Qf5 Bg7 37. Bf4 Qa8 38. a4 e6 39. Qb5 Qd8 40. a5 e5 41. Be3 f5 42. a6 f4 43. a7 fxe3 44. Qb8 1-0


[Site "https://www.chess.com"]

[Event "Titled Tuesday Blitz October 26 2021"]
[White "Moroni, Luca Jr"]
[Black "Yoo, Christopher Woojin"]
[WhiteFideId "865834"]
[BlackFideId "30909694"]
[WhiteElo "2491"]
[BlackElo "2105"]
[Result "0-1"]
[Round "05"]
[TimeControl "180+1"]
[Date "2021.10.26"]
[WhiteClock "0:00:18"]
[BlackClock "0:01:25"]

1. d4 Nf6 2. c4 e6 3. Nc3 Bb4 4. Nf3 h6 5. e3 O-O 6. Bd3 d5 7. O-O b6 8. cxd5 exd5 9. Ne5 Bd6 10. f4 c5 11. Bd2 Bb7 12. g4 Ne4 13. Nxe4 dxe4 14. Bc4 cxd4 15. exd4 Bxe5 16. Be3 Bf6 17. g5 hxg5 18. fxg5 Bxg5 19. Qh5 Bxe3+ 20. Kh1 Qe7 21. Rxf7 Rxf7 22. Rf1 Bf2 23. d5 Qd6 0-1


[Site "https://www.chess.com"]

[Event "Titled Tuesday Blitz October 26 2021"]
[White "Nakamura, Hikaru"]
[Black "Yeletsky, Ivan"]
[WhiteFideId "2016192"]
[BlackFideId "24180327"]
[WhiteElo "2884"]
[BlackElo "2352"]
[Result "1-0"]
[Round "05"]
[TimeControl "180+1"]
[Date "2021.10.26"]
[WhiteClock "0:00:10"]
[BlackClock "0:00:05"]

1. Nf3 c5 2. e4 d6 3. c3 Nf6 4. Bd3 g6 5. h3 Bg7 6. Bc2 Nc6 7. d4 cxd4 8. cxd4 O-O 9. O-O e5 10. d5 Nb4 11. Bb3 Nxe4 12. Qe1 Nxf2 13. Qxf2 Nd3 14. Qe2 e4 15. Nh2 Nxc1 16. Rxc1 Qb6+ 17. Kh1 f5 18. Nd2 Bd7 19. Nc4 Qa6 20. a4 Rac8 21. Bd1 Rc7 22. Rab1 Rfc8 23. b3 b5 24. axb5 Bxb5 25. Nf1 Bh6 26. Rc2 Bxc4 27. bxc4 Qa3 28. Nd2 a5 29. Nb3 Qb4 30. Nd2 Qa3 31. Nf1 Qd3 32. Qxd3 exd3 33. Rc3 Rxc4 34. Rxd3 Rc1 35. Rxc1 Rxc1 36. Kg1 a4 37. Bxa4 Bf4 38. Kf2 Ra1 39. Bb3 Rb1 40. Ke2 Rb2+ 41. Kf3 Bg5 42. Ne3 Bh4 43. g3 Be7 44. Nc4 Rb1 45. h4 Kg7 46. Bd1 Rc1 47. Na5 h6 48. Nc6 Bf6 49. Be2 g5 50. hxg5 hxg5 51. g4 fxg4+ 52. Kxg4 Kg6 53. Rg3 Kg7 54. Bd3 Rc5 55. Be4 Rc4 56. Kf5 Kf7 57. Ra3 Bc3 58. Ra7+ Kf8 59. Rd7 g4 60. Rd8+ Kf7 61. Rd7+ Kf8 62. Rxd6 g3 63. Rg6 Be1 64. d6 Ke8 65. Bd5 Rc2 66. Ke6 Re2+ 67. Ne5 Kf8 68. d7 Ba5 69. Rxg3 Bc7 70. Rf3+ Kg7 71. Rf5 Re3 72. Bc4 Re1 73. Kd5 Re3 74. Nc6 Re1 75. Bd3 Bd8 76. Nxd8 Rd1 77. Ne6+ 1-0


[Site "https://www.chess.com"]

[Event "Titled Tuesday Blitz October 26 2021"]
[White "Nenezic, Marko"]
[Black "Vlachos, Anatole"]
[WhiteFideId "912123"]
[BlackFideId "26093189"]
[WhiteElo "2484"]
[BlackElo "2350"]
[Result "0-1"]
[Round "05"]
[TimeControl "180+1"]
[Date "2021.10.26"]
[WhiteClock "0:00:20"]
[BlackClock "0:00:04"]

1. Nf3 d5 2. g3 Nf6 3. Bg2 b5 4. O-O Bb7 5. a4 b4 6. a5 c5 7. d4 e6 8. c3 bxc3 9. Nxc3 Be7 10. a6 Bc8 11. dxc5 Bxc5 12. b4 Be7 13. e4 O-O 14. exd5 Bxb4 15. Bb2 Bxc3 16. Bxc3 Nxd5 17. Qd4 Qf6 18. Ne5 Bxa6 19. Bxd5 exd5 20. Qxd5 Bxf1 21. Qxa8 Bh3 22. Rxa7 Rd8 23. Ra1 h5 24. Qe4 Nd7 25. Re1 Nxe5 26. Bxe5 Qe6 27. Qh4 Re8 28. Qb4 Qd5 29. Qe4 Rxe5 0-1


[Site "https://www.chess.com"]

[Event "Titled Tuesday Blitz October 26 2021"]
[White "Nesterov, Arseniy"]
[Black "Trost, Edvin"]
[WhiteFideId "24198455"]
[BlackFideId "1729519"]
[WhiteElo "2494"]
[BlackElo "2026"]
[Result "1-0"]
[Round "05"]
[TimeControl "180+1"]
[Date "2021.10.26"]
[WhiteClock "0:00:54"]
[BlackClock "0:01:25"]

1. d4 Nf6 2. c4 e6 3. Nf3 d5 4. Nc3 c6 5. e3 Bd6 6. Bd3 O-O 7. O-O dxc4 8. Bxc4 Nbd7 9. e4 e5 10. Be3 exd4 11. Bxd4 Qc7 12. h3 Ne5 13. Nxe5 Bxe5 14. Bxe5 Qxe5 15. Qe2 Be6 16. Bxe6 Qxe6 17. Rad1 Rfe8 18. Rfe1 Rad8 19. Rxd8 Rxd8 20. Rd1 Qe8 21. Rxd8 Qxd8 22. e5 Nd5 23. Ne4 Nf4 24. Qg4 Ne6 25. Nd6 Qa5 26. Qf5 Qc7 27. Kh2 g6 28. Qf6 Ng7 29. Qxg7+ 1-0


[Site "https://www.chess.com"]

[Event "Titled Tuesday Blitz October 26 2021"]
[White "Nozdrachev, Leonid"]
[Black "Mikhailovsky, Vladimir"]
[WhiteFideId "24113433"]
[BlackFideId "34105414"]
[WhiteElo "2124"]
[BlackElo "2402"]
[Result "1/2-1/2"]
[Round "05"]
[TimeControl "180+1"]
[Date "2021.10.26"]
[WhiteClock "0:00:20"]
[BlackClock "0:00:45"]

1. d4 d5 2. c4 e6 3. Nf3 Nf6 4. g3 dxc4 5. Bg2 Bb4+ 6. Bd2 Bd6 7. O-O O-O 8. Na3 Bxa3 9. bxa3 b5 10. Ne5 Nd5 11. e4 Nf6 12. Bb4 Re8 13. a4 a6 14. axb5 axb5 15. a4 c6 16. axb5 Rxa1 17. Qxa1 cxb5 18. Qa7 Na6 19. Qxf7+ Kh8 20. Qa7 Kg8 21. Qf7+ Kh8 22. Qa7 Kg8 23. Qf7+ 1/2-1/2


[Site "https://www.chess.com"]

[Event "Titled Tuesday Blitz October 26 2021"]
[White "Petesch, Gabriel"]
[Black "Jones, Gawain C B"]
[WhiteFideId "2032465"]
[BlackFideId "409561"]
[WhiteElo "2374"]
[BlackElo "2657"]
[Result "0-1"]
[Round "05"]
[TimeControl "180+1"]
[Date "2021.10.26"]
[WhiteClock "0:00:02"]
[BlackClock "0:00:03"]

1. Nf3 g6 2. g3 Bg7 3. Bg2 e5 4. d4 exd4 5. Nxd4 Nc6 6. c3 d5 7. O-O Nge7 8. Bg5 h6 9. Bf4 Nxd4 10. cxd4 Nf5 11. Be5 O-O 12. Bxg7 Kxg7 13. Nc3 c6 14. Qd2 Re8 15. Rfe1 Qb6 16. Rad1 Nd6 17. b3 Bf5 18. Na4 Qc7 19. Nc5 Ne4 20. Nxe4 Bxe4 21. Rc1 Qd6 22. Rc3 Bxg2 23. Kxg2 h5 24. h4 Re6 25. Re3 Rae8 26. Rxe6 Qxe6 27. Qf4 Qe7 28. Qd2 Qe4+ 29. Kg1 a6 30. Qb4 Re7 31. Qc3 Re6 32. a4 Qf5 33. b4 g5 34. hxg5 Qxg5 35. Kg2 h4 36. Qc1 Qxc1 37. Rxc1 hxg3 38. e3 gxf2 39. Kxf2 Kf6 40. b5 axb5 41. axb5 Ke7 42. bxc6 bxc6 43. Ra1 Kd6 44. Ra7 Re7 45. Ra8 Rc7 46. Rd8+ Ke6 47. Ra8 c5 48. dxc5 Rxc5 49. Rf8 Rc3 50. Ke2 Ra3 51. Re8+ Kd7 52. Rf8 Ke7 53. Rb8 Kf6 54. Rb7 Ke6 55. Rc7 f6 56. Rc8 Kf5 57. Re8 Rb3 58. Re7 Rb2+ 59. Kd3 Rb1 60. Ke2 Rb4 61. Re8 Re4 62. Rd8 Ke5 63. Kf3 Rh4 64. Re8+ Kf5 65. Rd8 Ke6 66. Re8+ Kd7 67. Rf8 Ke7 68. Ra8 Rc4 69. Ra6 Kf7 70. Rd6 Rc5 71. Kf4 Ke7 72. Ra6 Rc3 73. Rb6 Ra3 74. Rc6 Ra4+ 75. Kf3 Re4 76. Rb6 Re6 77. Rb7+ Kd6 78. Rf7 Ke5 79. Rf8 Re7 80. Rd8 Rh7 81. Re8+ Kf5 82. Rd8 Rh3+ 83. Kg2 Rxe3 84. Rxd5+ Ke4 85. Kf2 Kxd5 86. Kxe3 Ke5 0-1


[Site "https://www.chess.com"]

[Event "Titled Tuesday Blitz October 26 2021"]
[White "Potapova, Margarita"]
[Black "Gokerkan, Cem Kaan"]
[WhiteFideId "14126869"]
[BlackFideId "6336760"]
[WhiteElo "2214"]
[BlackElo "2382"]
[Result "0-1"]
[Round "05"]
[TimeControl "180+1"]
[Date "2021.10.26"]
[WhiteClock "0:00:09"]
[BlackClock "0:00:10"]

1. d4 Nf6 2. c4 e5 3. dxe5 Ng4 4. Bf4 Nc6 5. Nf3 Bb4+ 6. Nbd2 Qe7 7. a3 Ngxe5 8. Nxe5 Nxe5 9. e3 Bxd2+ 10. Qxd2 d6 11. Be2 O-O 12. O-O b6 13. b4 Bb7 14. Qc3 Rfe8 15. Rfe1 Qf6 16. Rac1 Qg6 17. Bg3 h5 18. Qd4 c5 19. Qh4 Ng4 20. h3 Nf6 21. Red1 Re4 22. Bd3 Rae8 23. f3 Rxh4 24. Bxg6 Bxf3 25. gxf3 Rxh3 26. Kg2 Rxg3+ 27. Kxg3 fxg6 28. e4 Re6 29. Rd2 Kf7 30. Rcd1 Ke7 31. Kf4 Nd7 32. Ke3 Ne5 33. Rc2 Rf6 34. f4 Ng4+ 35. Kf3 g5 36. f5 g6 37. Rh1 Ne5+ 38. Ke3 gxf5 39. exf5 Rxf5 40. Rxh5 Rf3+ 41. Ke2 Rg3 42. Kf2 Rxa3 43. bxc5 bxc5 44. Rxg5 Kd7 45. Rh5 Kc6 46. Rh8 Ra4 47. Rh4 a5 48. Ke2 Rb4 49. Kd2 a4 50. Kc3 Rb3+ 51. Kd2 Nf3+ 52. Kc1 Nxh4 53. Ra2 Rc3+ 54. Kb1 Rxc4 55. Ka1 d5 56. Rh2 Nf5 57. Rh6+ Nd6 58. Rh8 d4 59. Rc8+ Kd5 60. Rh8 Rc3 61. Rh5+ Kc4 62. Rh4 Nb5 63. Rh2 d3 64. Rg2 Kb3 65. Rb2+ Kc4 66. Rg2 a3 67. Rf2 Kb3 68. Rf1 d2 69. Rb1+ Ka4 70. Ka2 Rc2+ 71. Ka1 Ra2+ 72. Kxa2 Nc3+ 73. Ka1 Nxb1 74. Ka2 Nc3+ 75. Ka1 d1=Q# 0-1


[Site "https://www.chess.com"]

[Event "Titled Tuesday Blitz October 26 2021"]
[White "Pultinevicius, Paulius"]
[Black "Janaszak, Dawid"]
[WhiteFideId "12809390"]
[BlackFideId "1119206"]
[WhiteElo "2467"]
[BlackElo "2215"]
[Result "1-0"]
[Round "05"]
[TimeControl "180+1"]
[Date "2021.10.26"]
[WhiteClock "0:00:06"]
[BlackClock "0:00:02"]

1. c4 g6 2. d4 Bg7 3. e4 e6 4. Nf3 Ne7 5. Nc3 d5 6. cxd5 exd5 7. e5 Bg4 8. Be2 O-O 9. O-O c5 10. dxc5 Nbc6 11. Bf4 Qa5 12. Rc1 Qxc5 13. h3 Bf5 14. Nb5 Qb6 15. Qd2 Be4 16. Rfe1 d4 17. Nd6 Bd5 18. Bc4 Rad8 19. Bg5 Rd7 20. Bxe7 Nxe7 21. Bxd5 Nxd5 22. Nc4 Qb5 23. Qxd4 Nb4 24. Nd6 Qa5 25. a3 Nc6 26. Qf4 Qb6 27. Rcd1 Qxb2 28. Nc4 Rxd1 29. Nxb2 Rxe1+ 30. Nxe1 Nxe5 31. Nf3 Nc6 32. Nc4 h6 33. Nd6 b6 34. Qc4 Na5 35. Qd5 Bf6 36. Nd2 Kg7 37. N2e4 Ba1 38. h4 h5 39. g4 hxg4 40. h5 gxh5 41. Ng3 Kg6 42. Qf5+ Kg7 43. Qg5+ Kh7 44. Qxh5+ Kg7 45. Qg5+ Kh7 46. Ngf5 1-0


[Site "https://www.chess.com"]

[Event "Titled Tuesday Blitz October 26 2021"]
[White "Rozman, Levy"]
[Black "Martinez Alcantara, Jose Eduardo"]
[WhiteFideId "2039877"]
[BlackFideId "3805662"]
[WhiteElo "2376"]
[BlackElo "2690"]
[Result "0-1"]
[Round "05"]
[TimeControl "180+1"]
[Date "2021.10.26"]
[WhiteClock "0:00:01"]
[BlackClock "0:00:16"]

1. c4 c5 2. Nf3 Nc6 3. e3 g6 4. d4 d6 5. d5 Na5 6. Bd2 Bd7 7. Bc3 Nf6 8. Bd3 Bg7 9. Nbd2 a6 10. a4 O-O 11. O-O b5 12. Bxa5 Qxa5 13. axb5 Qb6 14. Rxa6 Rxa6 15. bxa6 Qxa6 16. Qc2 Rb8 17. b3 Qa5 18. h3 Ra8 19. Re1 Nh5 20. g4 Nf6 21. Kg2 Bc8 22. e4 Nd7 23. h4 Ne5 24. Nxe5 Bxe5 25. Nf3 Bf4 26. g5 Bg4 27. Rb1 Qb4 28. Rb2 Rb8 29. Ra2 Qb7 30. Rb2 Qc8 31. Ng1 Be5 32. Rb1 Bh3+ 33. Nxh3 Qg4+ 34. Kf1 Qxh3+ 35. Ke2 Qg4+ 36. Kf1 Qxh4 37. Qd2 Ra8 38. Ke2 Bd4 39. Qe1 Ra2+ 40. Kf1 Rxf2+ 0-1


[Site "https://www.chess.com"]

[Event "Titled Tuesday Blitz October 26 2021"]
[White "Sadhwani, Raunak"]
[Black "Weetik, Vjacheslav"]
[WhiteFideId "35093487"]
[BlackFideId "4153472"]
[WhiteElo "2517"]
[BlackElo "2469"]
[Result "1/2-1/2"]
[Round "05"]
[TimeControl "180+1"]
[Date "2021.10.26"]
[WhiteClock "0:00:07"]
[BlackClock "0:00:07"]

1. e4 c6 2. d4 d5 3. exd5 cxd5 4. c4 Nf6 5. Nc3 e6 6. Nf3 Bb4 7. Bd3 dxc4 8. Bxc4 O-O 9. O-O b6 10. a3 Bxc3 11. bxc3 Qc7 12. Qe2 Bb7 13. Ne5 Nbd7 14. Nxd7 Qxd7 15. Bb2 Nd5 16. Qd2 Qc6 17. Bxd5 Qxd5 18. f3 Rac8 19. Rfe1 Rfd8 20. Qf2 h6 21. a4 a5 22. h4 Rc4 23. Qg3 Qd7 24. h5 Bd5 25. Bc1 Kh7 26. Bf4 Rxc3 27. Be5 Rg8 28. Rac1 Rc6 29. Kh2 Qe8 30. Rxc6 Bxc6 31. Qg4 f6 32. Bc7 Bd5 33. Bxb6 Qxa4 34. Bc5 Qe8 35. Ra1 a4 36. Kg1 Bb3 37. Kf2 g6 38. hxg6+ Qxg6 39. Qxg6+ Kxg6 40. g4 Rc8 41. Ke3 h5 42. gxh5+ Kxh5 43. Rh1+ Kg6 44. Rg1+ Kf7 45. Rh1 Rg8 46. Rh7+ Rg7 47. Rh8 Rg2 48. Rf8+ Kg7 49. Ra8 Rc2 50. Ra7+ Kg6 51. Kf4 e5+ 52. Ke4 Re2+ 53. Kd3 Re1 54. dxe5 Rxe5 55. Bd4 Rd5 56. Ke4 f5+ 57. Ke3 f4+ 58. Ke4 Rb5 59. Rg7+ Kh6 60. Ra7 Kg6 61. Kxf4 Rf5+ 62. Ke3 Rf7 63. Ra6+ Kh7 64. Be5 Rb7 65. f4 Kg8 66. f5 Kf7 67. Kf4 Rd7 68. Kg5 Rb7 69. Rf6+ Ke7 70. Rh6 Kd7 71. Ra6 Rb5 72. Kf6 Kc8 73. Bd4 Kb7 74. Ra7+ Kc6 75. Ra6+ Kd5 76. Bf2 Ke4 77. Kg6 Rxf5 78. Bg1 Rb5 79. Ba7 Kd3 80. Kf6 Kc4 81. Be3 Rd5 82. Bf4 Rd1 83. Be5 Rf1+ 84. Ke7 Re1 85. Kd6 Rd1+ 86. Ke7 Kd3 87. Rd6+ Ke4 88. Rxd1 Bxd1 89. Bd6 Kd3 90. Kd7 Kc2 91. Kc6 Kb3 92. Kb5 Bf3 93. Ka5 a3 94. Bxa3 1/2-1/2


[Site "https://www.chess.com"]

[Event "Titled Tuesday Blitz October 26 2021"]
[White "Schmakel, Sam"]
[Black "Lazavik, Denis"]
[WhiteFideId "2039311"]
[BlackFideId "13515110"]
[WhiteElo "2356"]
[BlackElo "2436"]
[Result "0-1"]
[Round "05"]
[TimeControl "180+1"]
[Date "2021.10.26"]
[WhiteClock "0:00:02"]
[BlackClock "0:00:18"]

1. Nf3 d5 2. e3 Nf6 3. b3 c6 4. Bb2 Bf5 5. c4 e6 6. Be2 h6 7. O-O Nbd7 8. Nc3 Bd6 9. d4 Ne4 10. Nxe4 Bxe4 11. Nd2 Bh7 12. c5 Bc7 13. b4 O-O 14. b5 e5 15. bxc6 bxc6 16. Qa4 exd4 17. Bxd4 Nb8 18. Qb3 Qc8 19. Bd3 Bxd3 20. Qxd3 Nd7 21. Rfb1 Re8 22. Rb3 Nf8 23. Rab1 Rb8 24. Nf3 Ne6 25. Ra3 Rxb1+ 26. Qxb1 Qd7 27. g3 Rb8 28. Rb3 Rxb3 29. Qxb3 Qc8 30. Qa4 Qb7 31. Nd2 a5 32. Nb3 Qb5 33. Qa3 a4 34. Nd2 Ba5 35. Nf3 Bb4 36. Qc1 Bxc5 37. Be5 a3 38. Qc2 Bf8 39. Nh4 c5 40. Nf5 Qb7 41. Qd1 g6 42. Nh4 d4 43. exd4 cxd4 44. Qg4 Qd5 45. Nxg6 fxg6 46. Qxg6+ Bg7 47. Qe8+ Kh7 48. Bxg7 Nxg7 0-1


[Site "https://www.chess.com"]

[Event "Titled Tuesday Blitz October 26 2021"]
[White "Shipov, Sergei"]
[Black "Bluebaum, Matthias"]
[WhiteFideId "4113624"]
[BlackFideId "24651516"]
[WhiteElo "2809"]
[BlackElo "2681"]
[Result "0-1"]
[Round "05"]
[TimeControl "180+1"]
[Date "2021.10.26"]
[WhiteClock "0:00:16"]
[BlackClock "0:00:16"]

1. d4 Nf6 2. c4 e6 3. Nc3 Bb4 4. Qc2 d5 5. a3 Bxc3+ 6. Qxc3 b6 7. cxd5 Ne4 8. Qe3 Qxd5 9. f3 Nf6 10. Qc3 Nc6 11. e4 Nxe4 12. fxe4 Qxe4+ 13. Be3 Ne7 14. Qd3 Qg4 15. Be2 Qf5 16. Qxf5 Nxf5 17. Bf2 Bb7 18. Nf3 O-O-O 19. O-O-O f6 20. Rhe1 Bd5 21. Bd3 g5 22. Be4 h5 23. Bxd5 exd5 24. Re6 Rdf8 25. Rde1 h4 26. h3 Kd7 27. Bg1 Rh7 28. Bh2 Re7 29. Rxe7+ Nxe7 30. Kd2 Nc6 31. Kd3 Nd8 32. Rf1 Ne6 33. Ng1 c5 34. Ne2 c4+ 35. Kd2 Kc6 36. Rf5 b5 37. Nc3 Nxd4 38. Rxd5 Nb3+ 39. Kd1 a6 40. Rd6+ Kb7 41. Nd5 f5 42. Bg1 f4 43. Rb6+ Kc8 44. Rxa6 Kd7 45. Nf6+ Kc7 46. Ne4 Rd8+ 47. Kc2 Re8 48. Nxg5 Re1 49. Nf3 Rc1# 0-1


[Site "https://www.chess.com"]

[Event "Titled Tuesday Blitz October 26 2021"]
[White "Siva Mahadevan"]
[Black "Mirzoev, Azer"]
[WhiteFideId "25043153"]
[BlackFideId "13400304"]
[WhiteElo "2203"]
[BlackElo "2525"]
[Result "0-1"]
[Round "05"]
[TimeControl "180+1"]
[Date "2021.10.26"]
[WhiteClock "0:00:08"]
[BlackClock "0:00:11"]

1. e4 c6 2. d4 d5 3. e5 Bf5 4. c4 e6 5. Nc3 Nd7 6. Nge2 dxc4 7. Ng3 Bd3 8. Bxd3 cxd3 9. O-O Ne7 10. Bg5 Qb6 11. Qxd3 h6 12. Be3 Nd5 13. Nxd5 cxd5 14. f4 g6 15. Rac1 Be7 16. Rc2 h5 17. Rfc1 O-O 18. Rc7 Rfd8 19. Nf1 Bf8 20. Nd2 Nb8 21. Qb3 Qxb3 22. Nxb3 b6 23. Bf2 Na6 24. Rb7 Rdb8 25. Rxb8 Rxb8 26. a3 Be7 27. h3 Kf8 28. g4 hxg4 29. hxg4 Ke8 30. Kg2 Kd7 31. Kf3 Rc8 32. Rxc8 Kxc8 33. f5 gxf5 34. gxf5 Nb8 35. Kg4 Kd7 36. f6 Bf8 37. Nd2 Nc6 38. Be3 Na5 39. Nf3 Nc4 40. Bc1 b5 41. Kh5 a5 42. Ne1 a4 43. Nd3 Ke8 44. Bg5 b4 45. axb4 Nxb2 46. Nc5 a3 47. Bc1 Nc4 48. Nb3 Bxb4 49. Kg4 a2 50. Kf3 Bc3 51. Ke2 Bxd4 52. Kd3 Bxe5 0-1


[Site "https://www.chess.com"]

[Event "Titled Tuesday Blitz October 26 2021"]
[White "Sorokin, Aleksey"]
[Black "Perez Ponsa, Federico"]
[WhiteFideId "24176460"]
[BlackFideId "117927"]
[WhiteElo "2476"]
[BlackElo "2672"]
[Result "1/2-1/2"]
[Round "05"]
[TimeControl "180+1"]
[Date "2021.10.26"]
[WhiteClock "0:00:13"]
[BlackClock "0:00:14"]

1. e4 c5 2. Nf3 d6 3. d4 cxd4 4. Nxd4 Nf6 5. Nc3 a6 6. Bg5 e6 7. f4 h6 8. Bh4 Nbd7 9. Qf3 e5 10. fxe5 Nxe5 11. Qe2 Be7 12. O-O-O O-O 13. Bg3 Bg4 14. Nf3 Qa5 15. Kb1 Rac8 16. Nd5 Nxd5 17. Rxd5 Rc5 18. Rxc5 Qxc5 19. Qd1 Bf6 20. Be2 Bxf3 21. gxf3 Rc8 22. Qd2 Qb6 23. c3 a5 24. Rd1 Rc6 25. a4 Qb3 26. Qc2 Qb6 27. Bb5 Rc8 28. Qe2 Be7 29. Bxe5 dxe5 30. Rd7 Rc7 31. Qd3 g6 32. Qd5 Rxd7 33. Qxd7 Bd8 34. Bc4 Qc7 35. Bxf7+ Kg7 36. Qxc7 Bxc7 37. Bd5 b6 38. Kc2 Kf6 39. Kd3 Ke7 40. Kc4 Kd6 41. Kb5 Bd8 42. Bf7 g5 43. h3 Bc7 44. Bg6 Bd8 45. Bf5 Bc7 46. Ka6 Kc6 47. Bg6 Bd6 48. Bf7 Bc5 49. Bd5+ Kc7 50. Kb5 Bf2 51. b4 Be1 52. bxa5 bxa5 53. Kxa5 Bxc3+ 54. Kb5 h5 55. a5 h4 56. a6 Bd4 57. Be6 Kb8 58. Kc6 Ka7 59. Bc8 Be3 60. Bb7 Bf4 61. Kd6 Bg3 62. Ke6 Bf4 63. Kf5 1/2-1/2


[Site "https://www.chess.com"]

[Event "Titled Tuesday Blitz October 26 2021"]
[White "Sydoryka, Vladyslav"]
[Black "Svane, Rasmus"]
[WhiteFideId "14145928"]
[BlackFideId "4657101"]
[WhiteElo "2282"]
[BlackElo "2643"]
[Result "0-1"]
[Round "05"]
[TimeControl "180+1"]
[Date "2021.10.26"]
[WhiteClock "0:00:19"]
[BlackClock "0:00:37"]

1. c4 e6 2. g3 d5 3. Bg2 Nf6 4. Nf3 Be7 5. O-O O-O 6. b3 d4 7. e3 c5 8. exd4 cxd4 9. Re1 Nc6 10. Bb2 Re8 11. Na3 Bc5 12. Nc2 d3 13. Ne3 e5 14. Ng5 Bd4 15. Bxd4 Qxd4 16. Qf3 e4 17. Qf4 h6 18. Nh3 Ne5 19. Nf5 Bxf5 20. Qxf5 g6 21. Qf4 Kg7 22. Qe3 Qd7 23. Nf4 Neg4 24. Qc5 b6 25. Qb4 Qd4 26. Rf1 Nxf2 27. Qc3 Nh3+ 0-1


[Site "https://www.chess.com"]

[Event "Titled Tuesday Blitz October 26 2021"]
[White "Timofeev, Artyom"]
[Black "Zheng, Andrew"]
[WhiteFideId "4140419"]
[BlackFideId "2076810"]
[WhiteElo "2591"]
[BlackElo "2175"]
[Result "1-0"]
[Round "05"]
[TimeControl "180+1"]
[Date "2021.10.26"]
[WhiteClock "0:00:38"]
[BlackClock "0:00:03"]

1. c4 Nf6 2. Nc3 e6 3. Nf3 d5 4. e3 Be7 5. b3 O-O 6. Bb2 b6 7. Be2 Bb7 8. O-O c5 9. d3 Nc6 10. cxd5 exd5 11. d4 Rc8 12. Rc1 Qd7 13. Ne5 Qe6 14. Nxc6 Bxc6 15. Nb5 Qd7 16. a4 Rfd8 17. dxc5 bxc5 18. Bxf6 gxf6 19. Bd3 Bxb5 20. axb5 c4 21. Bb1 Qxb5 22. Qg4+ Kf8 23. Bxh7 Bd6 24. bxc4 dxc4 25. g3 c3 26. Rfd1 Ke7 27. Rc2 Be5 28. Rdc1 Rc7 29. h4 Rd2 30. h5 Rxc2 31. Rxc2 Rd7 32. Be4 Rd2 33. Kg2 Rxc2 34. Bxc2 Qb2 35. Qe4 Kf8 36. h6 f5 37. Qxf5 Bh8 38. Qc8+ Ke7 39. Qxh8 Qxc2 40. Qe5+ Kd7 41. Qd5+ Ke7 42. Qc5+ Kf6 43. Qd6+ Kg5 44. h7 Qxh7 45. Qe5+ Kg4 46. f3# 1-0


[Site "https://www.chess.com"]